 Dungeon Crawl Stone Soup version 0.21.1-1-g345015fe64 (webtiles) character file.

52603 Lavandula the Cruncher (level 14, -6/193 HPs)
             Began as a Deep Dwarf Transmuter on May 28, 2018.
             Was the Champion of Makhleb.
             Mangled by a tyrant leech (37 damage)
             ... called by a spriggan druid
             ... on level 1 of the Swamp.
             The game lasted 00:56:12 (9888 turns).

Lavandula the Cruncher (Deep Dwarf Transmuter)      Turns: 9888, Time: 00:56:13

Health: -6/193     AC: 21    Str: 25    XL:     14   Next: 27%
Magic:  12/12      EV: 16    Int: 13    God:    Makhleb [******]
Gold:   1167       SH:  0    Dex: 16    Spells: 7/17 levels left

rFire    + + .     SeeInvis .   W - +1 war axe (flame)
rCold    . . .     Gourm    .   (no shield)
rNeg     + . .     Faith    .   L - +3 leather armour {rF+}
rPois    +         Spirit   .   R - +2 helmet
rElec    .         Reflect  .   B - +2 cloak
rCorr    .         Harm     .   M - +2 pair of gloves {Dex+3}
MR       ++...                  (no boots)
Stlth    ..........             (no amulet)
HPRegen  0.00/turn              J - ring of protection from fire
MPRegen  0.13/turn              G - ring of poison resistance

@: berserking, non-regenerating, very quick
A: damage resistance, heal wounds, thin metallic scales 2, negative energy
resistance 1, sense surroundings 2, no regeneration
a: Heal Wounds, Minor Destruction, Lesser Servant of Makhleb, Major Destruction,
Greater Servant of Makhleb, Renounce Religion


You were on level 1 of the Swamp.
You worshipped Makhleb.
Makhleb was exalted by your worship.
You were near starving.

You visited 5 branches of the dungeon, and saw 21 of its levels.
You also visited: Volcano.

You collected 2415 gold pieces.
You spent 1248 gold pieces at shops.

Inventory:

Hand Weapons
 h - a +0 lajatang of electrocution
 w - a +2 battleaxe of freezing
 I - a +0 blowgun
 W - a +1 war axe of flaming (weapon)
Missiles
 a - 482 arrows
 j - 8 curare-tipped needles
 x - 23 tomahawks (quivered)
 O - 14 javelins
Armour
 B - a +2 cloak (worn)
 F - a +0 crystal plate armour
 H - a +0 leather armour
 L - a +3 leather armour of fire resistance (worn)
 M - a +2 pair of gloves of dexterity (worn)
 R - a +2 helmet (worn)
 S - a +0 leather armour of cold resistance
 T - a +0 plate armour of fire resistance
Jewellery
 s - an uncursed ring of fire
 u - an uncursed ring of protection from magic
 G - a ring of poison resistance (right hand)
 J - a ring of protection from fire (left hand)
 N - an uncursed ring of protection from magic
Wands
 g - a wand of paralysis (16)
 o - a wand of random effects (61)
 t - a wand of digging (14)
 z - a wand of acid (35)
 A - a wand of polymorph (7)
 P - a wand of disintegration (2)
 Q - a wand of iceblast (17)
 X - a wand of flame (28)
Scrolls
 e - 2 scrolls of blinking
 f - 6 scrolls of remove curse
 k - 5 scrolls of teleportation
 m - 3 scrolls of fog
 y - a scroll of fear
 U - a scroll of summoning
 V - a scroll of immolation
 Y - 2 scrolls of amnesia {unknown}
 Z - 2 scrolls of vulnerability {unknown}
Potions
 c - a potion of ambrosia
 i - 4 potions of haste
 l - 2 potions of flight
 n - 4 potions of heal wounds
 p - a potion of might {unknown}
 q - a potion of cancellation
 r - 4 potions of curing
 C - 3 potions of lignification
 E - a potion of resistance {unknown}
 K - a potion of agility {unknown}
Books
 v - a book of Clouds

   Spells                             Type                      Level
   a - Poisonous Vapours              Poison/Air                   2
   b - Mephitic Cloud                 Conjuration/Poison/Air       3
   c - Conjure Flame                  Conjuration/Fire             3
   d - Freezing Cloud                 Conjuration/Ice/Air          6
   e - Ring of Flames                 Charms/Fire                  7
Miscellaneous
 b - a sack of spiders
Comestibles
 d - 22 rations


   Skills:
 - Level 9.1 Fighting
 + Level 9.7 Axes
 - Level 12.9 Staves
 - Level 11.7 Armour
 - Level 6.4 Dodging
 - Level 7.2 Unarmed Combat
 - Level 2.2 Spellcasting
 - Level 2.0 Transmutations
 - Level 7.3 Invocations
 - Level 7.3 Evocations


You had 7 spell levels left.
You knew the following spells:

 Your Spells              Type           Power        Failure   Level  Hunger
a - Beastly Appendage     Tmut           #.....       12%         1    ##.....
b - Sticks to Snakes      Tmut           #.......     19%         2    ###....
c - Spider Form           Tmut/Pois      #.........   47%         3    ####...
d - Ice Form              Ice/Tmut       #.......     87%         4    #####..


Dungeon Overview and Level Annotations

Branches:
Dungeon (11/15)            Temple (1/1) D:4            Lair (6/6) D:11
  Swamp (1/4) Lair:3       Spider (0/4) Lair:2        Slime (0/5) Lair:5
    Orc (2/2) D:11            Elf (0/3) Orc:2

Altars:
Ashenzari
Cheibriados
Dithmenos
Elyvilon
Fedhas
Gozag
Hepliaklqana
Kikubaaqudgha
Makhleb
Nemelex Xobeh
Okawaru
Qazlal
Ru
Sif Muna
Trog
Uskayaw
Vehumet
Wu Jian
Xom
Yredelemnul
Zin
The Shining One
Beogh

Shops:
D:4 ?   D:9 *   Orc:2 ?(==*


Innate Abilities, Weirdness & Mutations

You are resistant to damage.
You can heal yourself by infusing magical energy.
You resist negative energy. (rN+)
You passively map the area around you.
You do not regenerate.
You are mostly covered in thin metallic scales. (AC +3)


Message History

Your punch misses the swamp worm.
The swamp worm is almost dead.
You slash the spriggan druid! You burn the spriggan druid.
With its final breath, the spriggan druid offers up its power to the beasts of the wild!
The swamp worm is healed. x2; The tyrant leech is healed.
The swamp worm seems to grow more fierce. x2
The tyrant leech seems to grow more fierce.
The swamp drake seems to grow more fierce.
You kill the spriggan druid!
Makhleb accepts your kill.
You slash the vampire mosquito! You burn the vampire mosquito.
You hit the swamp worm. You burn the swamp worm.
You barely miss the swamp worm. You miss the tyrant leech.
The vampire mosquito bites you.
* * * LOW HITPOINT WARNING * * *
The vampire mosquito draws strength from your injuries!
The swamp worm bites you!
* * * LOW HITPOINT WARNING * * *
The tyrant leech bites you!!!
You die...

, * ..≈.≈.♣ ♣♣≈.≈ .
, ≈ ♣♣.≈.≈≈♣ .≈≈. ≈
≈ ♣.♣≈..≈♣♣♣♣
.≈≈♣♣≈ ≈
♣..♣..≈..♣♣♣
*♣≈♣≈≈≈ *≈ ≈ *
*♣...≈≈....♣♣
♣...≈≈ ,
♣♣§≈≈≈.≈≈..♣♣
♣...≈. ≈≈
♣.≈≈≈.≈♣≈.≈♣♣♣.....
≈ ≈
♣yww≈.≈≈≈.≈.♣♣♣.≈≈.
*
♣.@w......≈≈...≈.≈.
, , ≈*
♣).w♣♣♣♣.≈≈≈≈≈.♣♣≈.
≈ ≈ ≈..♣ ♣J♣.≈♣
♣..≈≈≈≈.♣≈≈. ≈.(.♣
♣k≈≈♣♣ ♣♣).≈≈....≈≈
≈≈≈...♣♣.≈.♣
♣♣.≈..♣♣..≈ * ,≈
≈♣......♣
♣.≈.♣♣♣♣♣. *
♣≈≈≈≈≈≈≈.♣ ♣≈..♣ ♣.
≈ *..≈≈.≈≈≈≈≈.♣
*♣≈.♣♣ ♣. *
♣≈≈≈≈♣.§≈≈≈♣ ♣♣


You could see a tyrant leech, a slime creature, 3 swamp worms, a swamp drake and
a vampire mosquito.

Vanquished Creatures
  A stone giant (Orc:1)
  A dire elephant (Lair:6)
  A red draconian (Volcano)
  Harold (D:10)
  2 hydras
  A centaur warrior (D:10)
  A catoblepas (Lair:6)
  5 two-headed ogres
  Urug (Lair:2)
  3 death yaks (Lair:6)
  An orc high priest (Orc:2)
  Sonja (Lair:2)
  A salamander mystic (Volcano)
  A spriggan druid (Swamp:1)
  A swamp dragon (Swamp:1)
  A lindwurm (Lair:6)
  2 orc knights (Orc:2)
  2 orc sorcerers (Orc:2)
  An ugly thing (D:11)
  6 salamanders (Volcano)
  2 cyclopes
  2 manticores (Lair:6)
  Maurice (D:9)
  12 elephants (Lair:6)
  3 black mambas (Lair:6)
  Joseph (D:7)
  A gargoyle (D:11)
  A torpor snail (Lair:6)
  Psyche (D:8)
  9 spiny frogs
  A komodo dragon (Lair:6)
  3 trolls
  A tyrant leech (Swamp:1)
  Prince Ribbit (D:8)
  7 blink frogs
  Grinder (D:6)
  A hornet (D:10)
  11 hippogriffs
  2 dream sheep (Lair:6)
  21 yaks
  4 wyverns
  A shadow (Swamp:1)
  2 basilisks (Lair:6)
  A wraith (D:10)
  3 hogs (D:8)
  A human (D:8)
  5 vampire mosquitoes (Lair:3)
  Menkaure (D:4)
  A warg (Orc:2)
  2 hell hounds (D:11)
  12 water moccasins
  3 porcupines
  26 orc warriors
  3 sky beasts
  4 ice beasts
  An eye of draining (D:10)
  6 ogres
  19 wolves
  10 crocodiles
  13 centaurs
  A big kobold (D:10)
  A gnoll sergeant (D:10)
  12 bullfrogs
  5 scorpions
  3 wights (D:6)
  5 howler monkeys
  2 electric eels (Lair:3)
  3 crimson imps
  3 bullfrog zombies
  A centaur zombie (D:8)
  A quasit (D:11)
  6 hounds
  5 jellies
  Crazy Yiuf (D:6)
  12 orc priests
  2 centaur skeletons
  10 orc wizards
  5 iguanas
  3 worker ants
  A hound zombie (D:8)
  A howler monkey zombie (D:6)
  11 adders
  5 gnolls (D:10)
  2 howler monkey skeletons
  2 shadow imps
  2 adder zombies (D:6)
  An adder skeleton (D:4)
  A worm (D:4)
  3 dart slugs
  A leopard gecko (D:3)
  60 orcs
  8 bats
  4 giant cockroaches
  8 goblins
  8 hobgoblins
  21 jackals
  2 quokkas
  4 ball pythons
  4 frilled lizards
  A jackal zombie (D:6)
  5 kobolds
  2 quokka skeletons (D:8)
  4 rats
  A fungus (Lair:3)
  3 plants (Lair:6)
480 creatures vanquished.

Vanquished Creatures (others)
  A hydra (Swamp:1)
  2 orc warriors (Orc:2)
  A kobold (D:10)
  2 fungi
  6 plants
12 creatures vanquished.

Grand Total: 492 creatures vanquished

Notes
Turn   | Place    | Note
-------+----------+-------------------------------------------
     0 | D:1      | Lavandula the Deep Dwarf Transmuter began the quest for the Orb.
     0 | D:1      | Reached XP level 1. HP: 16/16 MP: 3/3
   197 | D:2      | Reached XP level 2. HP: 24/24 MP: 2/4
   217 | D:2      | Found a bloodstained altar of Trog.
   321 | D:2      | Reached XP level 3. HP: 12/30 MP: 3/5
   554 | D:3      | Learned a level 2 spell: Sticks to Snakes
   650 | D:3      | Reached skill level 1 in Fighting
   650 | D:3      | Reached XP level 4. HP: 36/38 MP: 7/7
   715 | D:3      | Found a basalt altar of Yredelemnul.
   884 | D:3      | Learned a level 3 spell: Spider Form
  1043 | D:5      | Entered Level 5 of the Dungeon
  1077 | D:4      | Noticed an ogre
  1085 | D:4      | Killed an ogre
  1085 | D:4      | Reached XP level 5. HP: 43/49 MP: 0/7
  1135 | D:4      | Reached XP level 6. HP: 29/56 MP: 0/8
  1170 | D:4      | Noticed Menkaure
  1177 | D:4      | HP: 1/56 [Menkaure/nerve-wracking pain (12)]
  1181 | D:4      | Killed Menkaure
  1181 | D:4      | Reached skill level 5 in Unarmed Combat
  1212 | D:4      | Found a staircase to the Ecumenical Temple.
  1221 | Temple   | Entered the Ecumenical Temple
  1343 | Temple   | Became a worshipper of Makhleb the Destroyer
  1441 | D:4      | Gained mutation: You are partially covered in thin metallic scales. (AC +2) [potion of mutation]
  1441 | D:4      | Gained mutation: You are mostly covered in thin metallic scales. (AC +3) [potion of mutation]
  1515 | D:4      | Found Terum's Magic Scroll Shoppe.
  1553 | D:4      | Reached XP level 7. HP: 34/62 MP: 2/9
  1593 | D:4      | Bought a scroll of fear for 38 gold pieces
  1593 | D:4      | Bought a scroll of noise for 11 gold pieces
  1593 | D:4      | Bought a scroll of immolation for 38 gold pieces
  1594 | D:4      | Bought a scroll of identify for 22 gold pieces
  1877 | D:5      | Learned a level 4 spell: Ice Form
  2152 | D:6      | Noticed Grinder
  2163 | D:6      | Killed Grinder
  2163 | D:6      | Reached skill level 5 in Dodging
  2163 | D:6      | Reached XP level 8. HP: 21/70 MP: 4/10
  2180 | D:6      | Found a runed door.
  2241 | D:6      | Noticed Crazy Yiuf
  2247 | D:6      | Killed Crazy Yiuf
  2402 | D:6      | Reached skill level 1 in Staves
  2495 | D:6      | Reached * piety under Makhleb
  2570 | D:6      | Reached skill level 2 in Staves
  2718 | D:7      | Reached skill level 3 in Staves
  2815 | D:7      | Reached skill level 4 in Staves
  2864 | D:7      | Noticed Joseph
  2890 | D:7      | Killed Joseph
  2890 | D:7      | Reached skill level 5 in Staves
  2890 | D:7      | Gained mutation: You passively map the area around you. [Deep Dwarf growth]
  2890 | D:7      | Reached XP level 9. HP: 39/76 MP: 11/11
  3054 | D:7      | Reached skill level 6 in Staves
  3058 | D:8      | Noticed Psyche
  3150 | D:8      | Noticed a two-headed ogre
  3158 | D:8      | Killed a two-headed ogre
  3275 | D:8      | Reached skill level 1 in Invocations
  3301 | D:8      | Killed Psyche
  3301 | D:8      | Reached skill level 5 in Invocations
  3312 | D:8      | Reached ** piety under Makhleb
  3379 | D:8      | Reached XP level 10. HP: 45/84 MP: 12/12
  3526 | D:8      | Noticed Prince Ribbit
  3535 | D:8      | Killed Prince Ribbit
  3544 | D:8      | Noticed a two-headed ogre
  3551 | D:8      | Killed a two-headed ogre
  3551 | D:8      | Reached skill level 7 in Staves
  3640 | D:8      | Reached skill level 8 in Staves
  3967 | D:9      | Noticed Maurice
  4167 | D:9      | Found Usteaff's General Store.
  4167 | D:9      | Noticed a two-headed ogre
  4186 | D:9      | Killed a two-headed ogre
  4186 | D:9      | Reached skill level 9 in Staves
  4377 | D:9      | Killed Maurice
  4639 | D:9      | Reached skill level 10 in Staves
  4639 | D:9      | Reached XP level 11. HP: 66/90 MP: 11/11
  4689 | D:10     | Entered Level 10 of the Dungeon
  4707 | D:10     | Noticed a two-headed ogre
  4765 | D:10     | Noticed Harold
  4797 | D:10     | Reached *** piety under Makhleb
  4817 | D:10     | Killed Harold
  4981 | D:10     | Reached skill level 11 in Staves
  5251 | D:10     | Noticed a centaur warrior
  5262 | D:10     | Killed a centaur warrior
  5313 | D:10     | Killed a two-headed ogre
  5337 | D:10     | Reached skill level 12 in Staves
  5555 | D:11     | Noticed a two-headed ogre
  5569 | D:11     | Killed a two-headed ogre
  5582 | D:11     | Found a staircase to the Lair.
  5613 | D:11     | Reached **** piety under Makhleb
  5645 | D:11     | Noticed a red ugly thing
  5667 | D:11     | Killed a green ugly thing
  5806 | D:11     | Reached skill level 1 in Armour
  5947 | D:11     | Reached XP level 12. HP: 98/98 MP: 12/12
  5972 | D:11     | Found a staircase to the Orcish Mines.
  5990 | D:11     | Found a roughly hewn altar of Beogh.
  6002 | D:11     | Reached skill level 5 in Armour
  6057 | Orc:1    | Entered Level 1 of the Orcish Mines
  6059 | Orc:1    | Found a roughly hewn altar of Beogh.
  6364 | Orc:2    | Entered Level 2 of the Orcish Mines
  6364 | Orc:2    | Noticed a stone giant
  6468 | Orc:2    | Reached ***** piety under Makhleb
  6492 | Orc:2    | Found Newurext's Magic Scroll Shop.
  6539 | Orc:1    | Killed a stone giant
  6622 | D:9      | Bought a scroll of acquirement for 624 gold pieces
  6625 | D:9      | Bought a +2 battleaxe of freezing for 284 gold pieces
  6749 | Orc:2    | Reached skill level 1 in Axes
  6810 | Orc:2    | Bought a scroll of magic mapping for 49 gold pieces
  6810 | Orc:2    | Bought a scroll of summoning for 133 gold pieces
  6810 | Orc:2    | Bought a scroll of immolation for 49 gold pieces
  6817 | Orc:2    | Noticed an orc high priest
  6830 | Orc:2    | Killed an orc high priest
  6916 | Orc:2    | Found Piamu's Jewellery Boutique.
  6916 | Orc:2    | Found Yklilirch's Jewellery Emporium.
  6918 | Orc:2    | Found Fofuki Apse's General Store.
  6920 | Orc:2    | Found Duvafyos's Antique Weapon Shop.
  7011 | Orc:2    | Found a staircase to the Elven Halls.
  7016 | Orc:2    | Reached skill level 5 in Axes
  7521 | Lair:1   | Entered Level 1 of the Lair of Beasts
  7811 | Lair:2   | Found a hole to the Spider Nest.
  7868 | Lair:2   | Noticed Sonja
  7870 | Lair:2   | Killed Sonja
  7873 | Lair:2   | Noticed Urug
  7883 | Lair:2   | Killed Urug
  7883 | Lair:2   | Reached XP level 13. HP: 68/104 MP: 12/12
  8036 | Lair:3   | Reached skill level 10 in Armour
  8151 | Lair:3   | Found a staircase to the Swamp.
  8185 | Lair:3   | Reached ****** piety under Makhleb
  8517 | Lair:5   | Found a dark tunnel.
  8593 | Volcano  | Entered a volcano
  8624 | Volcano  | Found a bloodstained altar of Trog.
  8627 | Volcano  | Noticed a red draconian
  8667 | Volcano  | Killed a red draconian
  8667 | Volcano  | Reached skill level 5 in Fighting
  8863 | Lair:6   | Entered Level 6 of the Lair of Beasts
  9482 | Lair:6   | Noticed a dire elephant
  9496 | Lair:6   | Killed a dire elephant
  9496 | Lair:6   | Gained mutation: You resist negative energy. (rN+) [Deep Dwarf growth]
  9496 | Lair:6   | Reached XP level 14. HP: 129/129 MP: 13/13
  9783 | Swamp:1  | Entered Level 1 of the Swamp
  9888 | Swamp:1  | Mangled by a tyrant leech

Skill      XL: |  1  2  3  4  5  6  7  8  9 10 11 12 13 14 |
---------------+-------------------------------------------+-----
Transmutations | 2 |  2.0
Unarmed Combat | 3 4 6 7 |  7.2
Spellcasting   | 2 |  2.2
Fighting       | 1 3 9 |  9.1
Dodging        | 5 6 |  6.4
Staves         | 5 6 10 12 | 12.9
Evocations     | 7 |  7.3
Invocations    | 5 7 |  7.3
Armour         | 4 9 11 | 11.7
Axes           | 6 9 |  9.7

Action                   |  1- 3 |  4- 6 |  7- 9 | 10-12 | 13-15 || total
-------------------------+-------+-------+-------+-------+-------++-------
Melee: Unarmed           |   139 |   145 |    68 |       |       ||   352
       Kick              |    13 |     7 |    13 |    22 |       ||    55
       Headbutt          |     6 |     4 |     7 |    18 |       ||    35
       Punch             |       |     2 |     2 |       |     4 ||     8
       Quarterstaff      |       |       |   192 |   707 |       ||   899
       Lajatang          |       |       |       |   211 |   239 ||   450
       Battleaxe         |       |       |       |    29 |   280 ||   309
       War axe           |       |       |       |       |    33 ||    33
Throw: Tomahawk          |       |       |       |     2 |       ||     2
 Cast: Beastly Appendage |    23 |     8 |    11 |    14 |       ||    56
       Spider Form       |       |    10 |     8 |       |       ||    18
Invok: Lesser Servant of |       |       |       |     3 |       ||     3
 Abil: Heal Wounds       |     2 |     5 |     5 |    11 |     3 ||    26
Evoke: Wand              |       |       |     6 |    16 |       ||    22
  Use: Scroll            |       |     5 |     4 |    14 |     6 ||    29
       Potion            |       |     1 |       |     1 |     2 ||     4
 Stab: Sleeping          |     2 |     1 |       |       |       ||     3
       Petrified         |       |       |    17 |       |       ||    17
       Confused          |       |       |     3 |     3 |       ||     6
       Paralysed         |       |       |     7 |    27 |       ||    34
       Petrifying        |       |       |       |     2 |       ||     2
       Invisible         |       |       |       |     1 |       ||     1
  Eat: Chunk             |       |     4 |     7 |    16 |     6 ||    33
       Ration            |       |       |     1 |       |       ||     1
Armor: Robe              |    22 |    13 |    20 |       |       ||    55
       Skin              |       |     1 |     1 |       |       ||     2
       Leather armour    |       |       |    39 |   124 |    36 ||   199
       Crystal plate arm |       |       |       |   509 |   374 ||   883
       Plate armour      |       |       |       |       |   400 ||   400
Dodge: Dodged            |    98 |    98 |   141 |   442 |   457 ||  1236
